 Dungeon Crawl Stone Soup version 0.23.3 (webtiles) character file.

Game seed: 7301755944967398298

721 MordorOrchid the Magician (level 7, -7/45 HPs)
             Began as an Octopode Earth Elementalist on Apr 4, 2020.
             Was an Initiate of Dithmenos.
             Killed from afar by a steam dragon (21 damage)
             ... with a ball of steam
             ... on level 6 of the Dungeon.
             The game lasted 00:16:14 (3930 turns).

MordorOrchid the Magician (OpEE)                    Turns: 3930, Time: 00:16:15

Health: -7/45      AC:  1    Str:  7    XL:     7   Next: 70%
Magic:  9/14       EV: 14    Int: 19    God:    Dithmenos [......]
Gold:   184        SH:  0    Dex: 13    Spells: 3/15 levels left

rFire    . . .     SeeInvis .   y - +2 short sword
rCold    . . .     Gourm    .   (no shield)
rNeg     . . .     Faith    .   (helmet restricted)
rPois    .         Spirit   .   g - amulet of the acrobat
rElec    .         Reflect  .   p - +1 ring of slaying
rCorr    .         Harm     .   (no ring)
MR       .....                  (no ring)
Stlth    ++++......             (no ring)
HPRegen  0.15/turn              (no ring)
MPRegen  0.14/turn              (no ring)
                                (no ring)
                                (no ring)

@: marked
A: almost no armour, stealthy swim, amphibious, 8 rings, constrict 8, camouflage
1, gelatinous body 1
a: Renounce Religion


You were on level 6 of the Dungeon.
You worshipped Dithmenos.
Dithmenos was noncommittal.
You were not hungry.

You visited 1 branch of the dungeon, and saw 6 of its levels.

You collected 184 gold pieces.

Inventory:

Hand Weapons
 y - a +2 short sword (weapon)
Missiles
 b - 22 stones (quivered)
 l - 51 bolts
 m - 25 arrows
 q - 2 throwing nets
Jewellery
 g - an amulet of the acrobat (around mantle)
 p - a +1 ring of slaying (left tentacle)
 s - an uncursed ring of teleportation
 x - an uncursed amulet of magic regeneration {unknown}
Wands
 t - a wand of polymorph (4)
 u - a wand of digging (4)
Scrolls
 d - 2 scrolls of amnesia
 e - 5 scrolls of remove curse
 h - 3 scrolls of teleportation
Potions
 a - a potion of berserk rage {unknown}
 i - 3 potions of agility
 j - a potion of invisibility {unknown}
 k - a potion of curing
 n - a potion of ambrosia {unknown}
 o - 2 potions of heal wounds {unknown}
 r - 2 potions of lignification
 v - a potion of might {unknown}
 w - 4 potions of flight
 z - a potion of brilliance {unknown}
Comestibles
 c - 9 rations
 f - 3 chunks of flesh


   Skills:
 - Level 2.0 Fighting
 * Level 0.4 Short Blades
 * Level 3.4 Dodging
 * Level 4.5 Stealth
 * Level 4.6 Spellcasting
 * Level 2.1 Conjurations
 * Level 1.2 Hexes
 * Level 1.9 Transmutations
 + Level 4.5 Earth Magic


You had 3 spell levels left.
You knew the following spells:

 Your Spells              Type           Power        Failure   Level  Hunger
a - Sandblast             Erth           ###...       1%          1    None
b - Ensorcelled Hibernat  Hex/Ice        #.....       16%         2    #......
d - Petrify               Tmut/Erth      ###.....     34%         4    ####...
f - Stone Arrow           Conj/Erth      ###...       10%         3    ###....
w - Passwall              Tmut/Erth      ###.....     5%          2    #......

Your spell library contained the following spells:

 Spells                   Type           Power        Failure   Level  Hunger
 Corona                   Hex            #......      8%          1    None
 Dazzling Spray           Conj/Hex       ##....       19%         3    ###....
 Confuse                  Hex            #.......     22%         3    ###....
 Tukima's Dance           Hex            #.......     22%         3    ###....
 Lee's Rapid Deconstruct  Erth           ###.......   50%         5    ######.


Dungeon Overview and Level Annotations

Branches:
Dungeon (6/15)             Temple (0/1) D:5

Altars:
Dithmenos
Elyvilon
Fedhas
Makhleb
Nemelex Xobeh
Qazlal
Wu Jian
Zin


Innate Abilities, Weirdness & Mutations

You cannot wear most types of armour.
You are very stealthy in the water. (Stealth+)
You are amphibious.
You can wear up to eight rings at the same time.
You can use your tentacles to constrict eight enemies at once.
Your skin changes colour to match your surroundings (Stealth+).
Your rubbery body absorbs attacks. (AC +1, EV +1)


Message History

The steam dragon is moderately wounded.
b - 23 stones You are engulfed in a cloud of scalding steam.
The steam dragon closely misses you. The steam dragon misses you.
A howler monkey comes into view.
The steam dragon misses you. The steam dragon claws you.
Casting: Sandblast (safe; 1% risk of failure)
Confirm with . or Enter, or press ? or * to list all spells.
Aiming: Sandblast (safe; 1% risk of failure)
Press: ? - help, Shift-Dir - straight line, f/p - steam dragon
Aim: a steam dragon (moderately wounded, catching its breath)
The blast of sand hits the steam dragon but does no damage.
The steam dragon is moderately wounded.
b - 22 stones The howler monkey sets off the alarm!
The alarm trap emits a blaring wail!
A sentinel's mark forms upon you. The steam dragon breathes steam at you.
The ball of steam hits you!!
You die...

≈≈≈≈≈≈≈ ♣♣≈≈D≈≈≈≈
####♣≈≈≈≈≈≈≈≈
###.. ♣≈≈≈≈≈≈≈≈
.... ♣≈PD≈≈≈≈≈≈
####h###≈≈P≈≈PP≈≈
#.......≈≈≈≈≈≈P≈≈
#.##D###≈≈≈≈≈≈≈≈≈P
#.@...≈≈≈≈≈P≈≈≈≈
#..##.≈≈≈≈PP.≈P≈
#..##.P≈≈.P..P.)
#..##..........
#..##..........
#..##.....#.###
#..##.....#.#
#<.###.÷..#.# #..#
#......#


You could see a steam dragon and a howler monkey.

Vanquished Creatures
  2 phantoms (D:5)
  A bullfrog (D:6)
  2 howler monkeys
  A bullfrog zombie (D:5)
  A hound (D:4)
  2 orc wizards (D:5)
  An orc priest (D:5)
  An iguana (D:4)
  A worker ant (D:6)
  Ijyb (D:4)
  4 gnolls (D:3)
  5 adders
  A shadow imp (D:6)
  2 oozes
  2 worms
  3 dart slugs
  A leopard gecko (D:3)
  5 orcs
  10 bats
  6 giant cockroaches
  5 goblins
  5 hobgoblins
  3 jackals (D:5)
  6 kobolds
  2 quokkas (D:4)
  3 ball pythons
  4 frilled lizards
  A leopard gecko skeleton (D:4)
  4 rats
85 creatures vanquished.

Notes
Turn   | Place    | Note
-------+----------+-------------------------------------------
     0 | D:1      | MordorOrchid the Octopode Earth Elementalist began the
                  | quest for the Orb.
     0 | D:1      | Reached XP level 1. HP: 11/11 MP: 3/3
   471 | D:1      | Reached XP level 2. HP: 17/17 MP: 0/5
   763 | D:1      | Reached XP level 3. HP: 20/22 MP: 6/6
   779 | D:1      | Learned a level 2 spell: Passwall
   783 | D:1      | Learned a level 3 spell: Stone Arrow
   878 | D:2      | Reached skill level 1 in Fighting
  1081 | D:2      | Found a glowing silver altar of Zin.
  1255 | D:1      | Reached XP level 4. HP: 28/28 MP: 7/7
  1454 | D:3      | Found a shadowy altar of Dithmenos.
  1496 | D:3      | Found a stormy altar of Qazlal.
  1527 | D:3      | Became a worshipper of Dithmenos the Shadowed
  1564 | D:3      | Found a white marble altar of Elyvilon.
  1863 | D:3      | Reached XP level 5. HP: 33/33 MP: 0/9
  2157 | D:3      | Learned a level 4 spell: Petrify
  2210 | D:4      | Reached skill level 1 in Conjurations
  2384 | D:4      | Reached XP level 6. HP: 28/39 MP: 4/11
  2534 | D:4      | Noticed Ijyb
  2539 | D:4      | Killed Ijyb
  2778 | D:4      | Found a blossoming altar of Fedhas.
  2788 | D:4      | Learned a level 2 spell: Ensorcelled Hibernation
  2826 | D:5      | Entered Level 5 of the Dungeon
  2826 | D:5      | Found a staircase to the Ecumenical Temple.
  2827 | D:5      | Noticed a phantom
  2837 | D:5      | Killed a phantom
  2910 | D:5      | Found a burning altar of Makhleb.
  2972 | D:5      | Reached XP level 7. HP: 23/45 MP: 1/13
  3419 | D:5      | Found a sparkling altar of Nemelex Xobeh.
  3600 | D:5      | Found an ornate altar of the Wu Jian Council.
  3686 | D:5      | Reached skill level 1 in Hexes
  3915 | D:6      | Noticed a steam dragon
  3915 | D:6      | an electric eel changed into a steam dragon
  3930 | D:6      | Killed from afar by a steam dragon

Skill      XL: |  1  2  3  4  5  6  7 |
---------------+----------------------+-----
Stealth        | 3 4 |  4.5
Fighting       | 1 2 |  2.0
Spellcasting   | 3 4 |  4.6
Conjurations   | 1 2 |  2.1
Dodging        | 3 |  3.4
Earth Magic    | 4 |  4.5
Hexes          | 1 |  1.2
Short Blades   | |  0.4
Transmutations | |  1.9

Action                   |  1- 3 |  4- 6 |  7- 9 || total
-------------------------+-------+-------+-------++-------
Melee: Unarmed           |    11 |       |       ||    11
       Constrict         |    10 |     8 |     3 ||    21
       Tentacles         |     5 |     3 |     2 ||    10
       Short sword       |    36 |    26 |    10 ||    72
 Cast: Sandblast         |    22 |    71 |     5 ||    98
       Stone Arrow       |       |     1 |    14 ||    15
       Ensorcelled Hiber |       |       |     1 ||     1
Evoke: Wand              |       |       |     4 ||     4
  Use: Scroll            |       |     7 |     4 ||    11
       Potion            |       |     3 |     1 ||     4
 Stab: Sleeping          |    11 |     9 |     3 ||    23
  Eat: Chunk             |     1 |     6 |     4 ||    11
Armor: Skin              |     8 |     5 |     2 ||    15
Dodge: Dodged            |    48 |    39 |    11 ||    98
